 Dungeon Crawl Stone Soup version 0.21-a0-84-g85d6d27 (webtiles) character file.

12 renl the Grasshopper (level 2, 0/13 HPs)
             Began as a Felid Warper on July 6, 2017.
             Slain by a kobold
             ... wielding a +0 short sword
              (8 damage)
             ... on level 1 of the Dungeon.
             The game lasted 00:04:17 (878 turns).

renl the Grasshopper (Felid Warper)                  Turns: 878, Time: 00:04:17

Health: 0/13       AC:  1    Str:  7    XL:     2   Next: 20%
Magic:  4/6        EV: 19    Int: 14    God:
Gold:   0          SH:  0    Dex: 15    Spells: 3/5 levels left
                                        Lives:  0   Deaths: 0

rFire    . . .     SeeInvis +     - Unarmed
rCold    . . .     Gourm    .   (shield unavailable)
rNeg     . . .     Faith    .   (armour unavailable)
rPois    .         Spirit   .   (helmet unavailable)
rElec    .         Reflect  .   (cloak unavailable)
rCorr    .         Harm     .   (gloves unavailable)
MR       .....                  (boots unavailable)
Stlth    ++........             (no amulet)
HPRegen  0.04/turn              (no ring)
MPRegen  0.10/turn              (no ring)

@: very slightly contaminated, quick
A: no armour, no weapons or thrown items, stealth, claws 1, fangs 3, see
invisible, carnivore 3, speed 1, shaggy fur 1, slow metabolism 1, sharp paws
a: no special abilities


You were on level 1 of the Dungeon.
You were completely stuffed.

You visited 1 branch of the dungeon, and saw 2 of its levels.

Inventory:

Scrolls
 b - a scroll of blinking
 d - a scroll of teleportation {unknown}
Potions
 e - a potion of haste {unknown}
Books
 a - a book of Spatial Translocations

   Spells                             Type                      Level
   a - Blink                          Translocation                2
   b - Shroud of Golubria             Charms/Translocation         2
   c - Lesser Beckoning               Translocation                3
   d - Gell's Gravitas                Translocation                3
   e - Teleport Other                 Translocation                3
   f - Passage of Golubria            Translocation                4
Comestibles
 c - a meat ration


   Skills:
 + Level 2.1 Fighting
 + Level 3.7 Dodging
 * Level 2.4 Unarmed Combat
 + Level 2.0 Spellcasting
 + Level 4.4 Translocations


You had 3 spell levels left.
You knew the following spells:

 Your Spells              Type           Power        Failure   Level  Hunger
a - Shroud of Golubria    Chrm/Tloc      #.........   14%         2    ###....


Dungeon Overview and Level Annotations

Branches:
Dungeon (2/15)

Altars:


Innate Abilities, Weirdness & Mutations

You cannot wear armour.
You are incapable of wielding weapons or throwing items.
Your paws allow you to move quietly. (Stealth)
You have sharp claws.
You have razor-sharp teeth.
You have supernaturally acute eyesight. (SInv)
You are carnivorous and can eat meat at any time.
You cover ground quickly.
You are covered in fur. (AC +1)
You have a slow metabolism.
Your sharp claws are effective at attacking unaware monsters.


Message History

You see here 11 poisoned needles.
There is an open door here.
There is an open door here.
You open the door.
There is an open door here.
You see here a pair of boots.
The kobold is too close now for your liking.
Casting: Shroud of Golubria
Confirm with . or Enter, or press ? or * to list all spells.
You miscast Shroud of Golubria.
You are very lightly contaminated with residual magic.
The world appears momentarily distorted!
You scratch the kobold but do no damage.
The kobold hits you with a short sword.
You closely miss the kobold. The kobold hits you with a short sword.
You barely miss the kobold. You bite the kobold.
The kobold is moderately wounded.
The kobold hits you with a short sword!
Ouch! That really hurt!
You die...

#..≈≈.......≈≈...#.#.+..(......#
#K≈≈....<.8..≈≈..#.###.........#
#.≈..8.....♣..≈..#.# #######'###
#.≈.....♣.....≈..#.# #.#
#.≈≈.........≈≈..#.# #.#
#.g≈≈.♣..8..≈≈...#[# #.#
#...≈≈....♣≈≈..#.#.### #.#
##..)≈≈≈.≈≈≈.........# #.###
##............@.#.#.# #....
##..........K....#.# #####
#............##.# #
#.............##.#.#
#.........##.....#.#
#.#..#######..##.#.# #########
##...##### ##.##.#.# #........
.........# #..#.#.###.#######
.........#####..#.....#.#


You could see a kobold.

Vanquished Creatures
  A leopard gecko (D:1)
  2 bats (D:1)
  A goblin (D:1)
  A hobgoblin (D:1)
  A kobold (D:1)
  2 frilled lizards (D:1)
  3 rats (D:1)
11 creatures vanquished.

Notes
Turn   | Place    | Note
-------+----------+-------------------------------------------
     0 | D:1      | renl the Felid Warper began the quest for the Orb.
     0 | D:1      | Reached XP level 1. HP: 9/9 MP: 4/4
   651 | D:1      | Reached XP level 2. HP: 13/13 MP: 6/6
   760 | D:1      | Learned a level 2 spell: Shroud of Golubria
   878 | D:1      | Slain by a kobold

Vault maps used:
D:1:      moated_graveyard_arrival
D:2:      gammafunk_temple_overflow_pools, first_bread

Action                   || total
-------------------------++-------
Melee: Unarmed           ||    29
       Bite              ||     4
 Cast: Shroud of Golubri ||     1
 Stab: Sleeping          ||     2
  Eat: Chunk             ||     7
Armor: Skin              ||     1
Dodge: Dodged            ||    29
